 Dungeon Crawl Stone Soup version 0.22.0-49-gab54619 (webtiles) character file.

1944 inc the Thaumaturge (level 9, -4/51 HPs)
             Began as an Octopode Fire Elementalist on Sept 6, 2018.
             Was an Initiate of Gozag.
             Shot with an arrow by a centaur (17 damage)
             ... on level 7 of the Dungeon.
             The game lasted 00:12:36 (10211 turns).

inc the Thaumaturge (Octopode Fire Elementalist)   Turns: 10211, Time: 00:12:37

Health: -4/51      AC:  1    Str:  8    XL:     9   Next: 18%
Magic:  13/21      EV: 13    Int: 20    God:    Gozag
Gold:   857        SH:  0    Dex: 12    Spells: 17/25 levels left

rFire    . . .     SeeInvis .   q - +0 short sword (venom)
rCold    . . .     Gourm    .   (no shield)
rNeg     . . .     Faith    .   (helmet restricted)
rPois    .         Spirit   .   (no amulet)
rElec    .         Reflect  .   b - ring of resist corrosion
rCorr    +         Harm     .   (no ring)
MR       .....                  (no ring)
Stlth    +++.......             (no ring)
HPRegen  0.17/turn              (no ring)
MPRegen  0.17/turn              (no ring)
                                (no ring)
                                (no ring)

@: gold aura, very slightly contaminated
A: almost no armour, stealthy swim, amphibious, 8 rings, constrict 8, camouflage
1, gelatinous body 1
a: Potion Petition, Call Merchant, Bribe Branch, Renounce Religion


You were on level 7 of the Dungeon.
You worshipped Gozag.
Gozag was pleased with you.
You were not hungry.

You visited 2 branches of the dungeon, and saw 8 of its levels.

You collected 938 gold pieces.
You paid 81 gold pieces to Gozag.

Inventory:

Hand Weapons
 i - a +0 dagger
 q - a +0 short sword of venom (weapon)
Jewellery
 b - a ring of resist corrosion (left tentacle)
 m - an uncursed amulet of faith
Scrolls
 a - 4 scrolls of identify
 c - 4 scrolls of amnesia {unknown}
 h - 3 scrolls of blinking {unknown}
 j - 3 scrolls of remove curse {unknown}
 k - a scroll of fear {unknown}
 l - a scroll of random uselessness {unknown}
 o - a scroll of magic mapping {unknown}
 r - 3 scrolls of enchant weapon {unknown}
Potions
 d - a potion of mutation
 f - 3 potions of curing
 g - 3 potions of heal wounds
 n - a potion of resistance
 p - a potion of brilliance {unknown}
 s - a potion of agility {unknown}
 t - a potion of cancellation {unknown}
Comestibles
 e - 5 rations


   Skills:
 - Level 2.0 Dodging
 - Level 2.6 Stealth
 + Level 8.7 Spellcasting
 - Level 5.8 Conjurations
 - Level 5.1 Fire Magic


You had 17 spell levels left.
You knew the following spells:

 Your Spells              Type           Power        Failure   Level  Hunger
a - Flame Tongue          Conj/Fire      ####.        1%          1    None
b - Conjure Flame         Conj/Fire      ####....     2%          3    None
c - Sticky Flame          Conj/Fire      ####....     9%          4    ###....

Your spell library contained the following spells:

 Spells                   Type           Power        Failure   Level  Hunger
 Throw Flame              Conj/Fire      ####..       1%          2    None
 Confusing Touch          Hex            #.....       8%          1    None
 Inner Flame              Hex/Fire       ###.....     9%          3    None
 Fireball                 Conj/Fire      ####......   22%         5    #####..
 Confuse                  Hex            #.......     24%         3    None
 Gell's Gravitas          Tloc           #.........   24%         3    None
 Petrify                  Tmut/Erth      #.......     61%         4    ###....
 Metabolic Englaciation   Hex/Ice        #.........   91%         5    #####..
 Yara's Violent Unravell  Hex/Tmut       #.........   91%         5    #####..


Dungeon Overview and Level Annotations

Branches:
Dungeon (7/15)             Temple (1/1) D:5

Altars:
Ashenzari
Cheibriados
Dithmenos
Gozag
Hepliaklqana
Kikubaaqudgha
Nemelex Xobeh
Okawaru
Qazlal
Ru
Sif Muna
Trog
Vehumet
Wu Jian
Xom
Yredelemnul
Zin
The Shining One

Annotations:
D:4 3 runed doors, execc's ghost, amateur OpEE


Innate Abilities, Weirdness & Mutations

You cannot wear most types of armour.
You are very stealthy in the water. (Stealth+)
You are amphibious.
You can wear up to eight rings at the same time.
You can use your tentacles to constrict eight enemies at once.
Your skin changes colour to match your surroundings (Stealth+).
Your rubbery body absorbs attacks. (AC +1, EV +1)


Message History

You see here an arrow.
Casting: Sticky Flame (safe; 9% risk of failure)
Confirm with . or Enter, or press ? or * to list all spells.
Aiming: Sticky Flame (safe; 9% risk of failure)
Press: ? - help, Shift-Dir - straight line, f/p - ogre
Aim: an ogre, wielding a giant club (heavily wounded)
The sticky flame hits the ogre.
The ogre is heavily wounded.
The ogre is covered in liquid flames!
The ogre burns!
The ogre barely misses you.
Casting: Sticky Flame (safe; 9% risk of failure)
Confirm with . or Enter, or press ? or * to list all spells.
Aiming: Flame Tongue (safe; 1% risk of failure)
Press: ? - help, Shift-Dir - straight line, f/p - ogre
Aim: an ogre, wielding a giant club (severely wounded, covered in liquid The flame tongue hits the ogre.
You kill the ogre!
The centaur shoots an arrow.
The arrow hits you!
You die...
Your body crumbles into a pile of gold.

.........# #.#'##+#.###
.........# #.#.##.#.####
.........# #.#.................
#.###'#### #......#.####......##
#.###.#######.#.##...............
.................................
...........#....##.#.####.#......
#.#.######.#....##.#.####.#....##
#.#.............@$...............
#.#..#####.#....##.#.####.#....#
..................(c..........###
#.#..####..#....#......##.#.....#
.....# ........................
#.#..# ..............##.....#..
..#..# ..#...###.#...##........
#.#.... ...... .................
........ ... ..................


You could see a centaur.

Vanquished Creatures
  2 orc warriors (D:6)
  A sky beast (D:6)
  3 ogres
  A bullfrog (D:5)
  2 scorpions
  An electric eel (D:5)
  3 crimson imps
  A quasit (D:6)
  A bullfrog zombie (D:5)
  A jelly (D:5)
  5 orc priests
  A hound (D:4)
  9 orc wizards
  Terence (D:3)
  An iguana (D:4)
  Natasha (thrice) (D:3)
  5 worker ants
  A hound skeleton (D:3)
  A worker ant zombie (D:6)
  Robin (D:3)
  7 gnolls
  9 adders
  2 shadow imps (D:5)
  2 oozes
  An adder zombie (D:5)
  2 worms
  4 dart slugs
  4 leopard geckos
  16 orcs
  3 ball pythons
  8 giant cockroaches
  6 hobgoblins
  10 jackals
  5 quokkas
  9 bats
  7 frilled lizards
  5 goblins
  6 kobolds
  A quokka zombie (D:5)
  4 rats
155 creatures vanquished.

Notes
Turn   | Place    | Note
-------+----------+-------------------------------------------
     0 | D:1      | inc the Octopode Fire Elementalist began the quest for the
                  | Orb.
     0 | D:1      | Reached XP level 1. HP: 11/11 MP: 3/3
   442 | D:1      | Reached XP level 2. HP: 17/17 MP: 3/5
   654 | D:3      | Noticed Natasha
   660 | D:3      | Killed Natasha
   660 | D:3      | Reached XP level 3. HP: 20/21 MP: 2/6
   682 | D:3      | Noticed Natasha
   692 | D:3      | Killed Natasha
   692 | D:3      | Reached XP level 4. HP: 9/27 MP: 0/7
   744 | D:3      | Noticed Natasha
   972 | D:3      | Noticed Robin
  1088 | D:3      | Killed Robin
  1416 | D:4      | Reached XP level 5. HP: 4/31 MP: 0/8
  1688 | D:4      | Learned a level 3 spell: Conjure Flame
  1693 | D:4      | Learned a level 4 spell: Sticky Flame
  1722 | D:4      | Found a sacrificial altar of Ru.
  1770 | D:4      | Found a shimmering altar of Xom.
  1845 | D:5      | Entered Level 5 of the Dungeon
  2003 | D:4      | Noticed an ogre
  2087 | D:4      | Killed an ogre
  2087 | D:4      | Reached skill level 5 in Conjurations
  2087 | D:4      | Reached XP level 6. HP: 15/36 MP: 0/9
  2535 | D:4      | Found a runed gate.
  2535 | D:4      | Found a runed gate.
  2536 | D:4      | Found a runed gate.
  2539 | D:4      | Noticed execc's ghost (amateur OpEE)
  3227 | D:5      | Reached skill level 5 in Fire Magic
  3242 | D:5      | Reached XP level 7. HP: 21/41 MP: 1/10
  3633 | D:5      | Found a staircase to the Ecumenical Temple.
  3642 | Temple   | Entered the Ecumenical Temple
  3725 | Temple   | Became a worshipper of Gozag Ym Sagoz the Greedy
  5356 | D:2      | Reached skill level 3 in Spellcasting
  6343 | D:3      | Noticed Terence
  6348 | D:3      | Killed Terence
  6406 | D:3      | Reached skill level 4 in Spellcasting
  6756 | D:3      | Found an iron altar of Okawaru.
  6879 | D:3      | Killed Natasha
  7219 | D:5      | Reached skill level 5 in Spellcasting
  7219 | D:5      | Reached XP level 8. HP: 15/46 MP: 9/15
  8369 | D:6      | Reached skill level 6 in Spellcasting
  8757 | D:6      | Reached skill level 7 in Spellcasting
  9402 | D:6      | Reached XP level 9. HP: 18/51 MP: 9/20
  9404 | D:6      | Reached skill level 8 in Spellcasting
  9910 | D:6      | Found a stormy altar of Qazlal.
 10211 | D:7      | Shot with an arrow by a centaur

Skill      XL: |  1  2  3  4  5  6  7  8  9 |
---------------+----------------------------+-----
Conjurations   | 2 3 4 5 |  5.8
Fire Magic     | 4 5 |  5.1
Spellcasting   | 5 7 8 |  8.7
Dodging        | |  2.0
Stealth        | |  2.6

Action                   |  1- 3 |  4- 6 |  7- 9 || total
-------------------------+-------+-------+-------++-------
Melee: Unarmed           |    26 |    27 |       ||    53
       Constrict         |     7 |     6 |     7 ||    20
       Tentacles         |     5 |     9 |     7 ||    21
       Dagger            |       |       |    21 ||    21
       Short sword       |       |       |    10 ||    10
 Cast: Flame Tongue      |    20 |    68 |   214 ||   302
       Sticky Flame      |       |     1 |    17 ||    18
       Conjure Flame     |       |       |     1 ||     1
  Use: Scroll            |       |       |     5 ||     5
       Potion            |       |       |     1 ||     1
 Stab: Sleeping          |       |       |     1 ||     1
  Eat: Chunk             |       |     6 |     1 ||     7
       Ration            |       |     1 |     7 ||     8
Armor: Skin              |     4 |     5 |     8 ||    17
Dodge: Dodged            |    21 |    42 |    82 ||   145
